 Dungeon Crawl Stone Soup version 0.20-a0-959-gdc9e609 (webtiles) character file.

690 qqqbard the Ruffian (level 7, -5/71 HPs)
             Began as a Troll Monk on Apr 6, 2017.
             Slain by a killer bee (6 damage)
             ... on level 5 of the Dungeon.
             The game lasted 00:04:39 (2505 turns).

qqqbard the Ruffian (Troll Monk)                    Turns: 2505, Time: 00:04:40

Health: -5/71      AC:  5    Str: 22    XL:     7   Next: 36%
Magic:  6/6        EV: 12    Int:  6    God:
Gold:   190        SH:  0    Dex: 12    Spells: 6/6 levels left

rFire    . . .     SeeInvis .     - Unarmed
rCold    . . .     Gourm    +   (no shield)
rNeg     . . .     Faith    .   a - +0 robe
rPois    .         Spirit   .   (helmet restricted)
rElec    .         Reflect  .   (no cloak)
rCorr    +         Harm     .   (gloves unavailable)
MR       .....                  (boots unavailable)
Stlth    ++........             (no amulet)
Regen    0.7/turn               s - ring of resist corrosion
MPRegen  0.1/turn               (no ring)

@: lethally poisoned (-5 -> -11)
A: unfitting armour, claws 3, fast metabolism 3, gourmand, regeneration 1,
shaggy fur 1, tough skin 2
a: no special abilities


You were on level 5 of the Dungeon.
You were not hungry.

You visited 2 branches of the dungeon, and saw 6 of its levels.

You collected 190 gold pieces.

Inventory:

Armour
 a - a +0 robe (worn)
Jewellery
 s - a ring of resist corrosion (left claw)
 t - an uncursed amulet of magic regeneration {unknown}
 u - an uncursed amulet of faith {unknown}
 v - the amulet of the Air {Inacc +Fly rElec EV+5 RMsl}
   (You found it on level 4 of the Dungeon)

   [amulet of inaccuracy]

   It reduces the accuracy of all your attacks.
   It affects your evasion (+5).
   It insulates you from electricity.
   It lets you fly.
   It protects you from missiles.
Scrolls
 d - 5 scrolls of remove curse {unknown}
 e - 3 scrolls of identify
 f - 2 scrolls of amnesia {unknown}
 g - a scroll of fear {unknown}
 h - 5 scrolls of teleportation {unknown}
 i - a scroll of recharging {unknown}
 p - a scroll of immolation {unknown}
 r - a scroll of enchant armour {unknown}
Potions
 c - a potion of magic {unknown}
 l - a potion of berserk rage {unknown}
 m - a potion of flight {unknown}
 q - a potion of brilliance {unknown}
Books
 n - a book of Cantrips

   Spells                             Type                      Level
   a - Confusing Touch                Hexes                        1
   b - Animate Skeleton               Necromancy                   1
   c - Summon Small Mammal            Summoning                    1
   d - Apportation                    Translocation                1
Comestibles
 b - 6 bread rations
 o - a meat ration


   Skills:
 + Level 4.5 Fighting
 + Level 4.8 Dodging
 - Level 2.1 Stealth
 * Level 5.6 Unarmed Combat


You had 6 spell levels left.
You didn't know any spells.

Dungeon Overview and Level Annotations

Branches:
Dungeon (5/15)             Temple (1/1) D:4

Altars:
Ashenzari
Cheibriados
Dithmenos
Elyvilon
Fedhas
Gozag
Hepliaklqana
Kikubaaqudgha
Makhleb
Nemelex Xobeh
Okawaru
Qazlal
Sif Muna
Trog
Uskayaw
Vehumet
Wu Jian
Xom
Yredelemnul
Zin
The Shining One

Annotations:
D:5 3 runed doors


Innate Abilities, Weirdness & Mutations

You are too large for most types of armour.
You have claws for hands.
Your metabolism is lightning-fast.
You like to eat raw meat.
Your natural rate of healing is unusually fast.
You are covered in fur. (AC +1)
You have very tough skin. (AC +2)


Message History

The killer bee is moderately wounded.
You feel sick. The killer bee misses you. The killer bee stings you!
* * * LOW HITPOINT WARNING * * *
You are more poisoned.
The killer bee poisons you!
You closely miss the killer bee.
The killer bee is moderately wounded.
You feel sick. The killer bee stings you!
* * * LOW HITPOINT WARNING * * *
The killer bee closely misses you.
You miss the killer bee.
The killer bee is moderately wounded.
* * * LOW HITPOINT WARNING * * *
You feel sick. The killer bee barely misses you. x2
It was a potion of cancellation.
You feel magically purged.
* * * LOW HITPOINT WARNING * * *
You feel sick.
The killer bee stings you but does no damage.
The killer bee stings you.
You die...

##...######## ##
#...?........ ..
##....####### ..
##.#.# .# #.#.#
.# #.#.# .# #.#.#
###.#
#.#.######...#
#.#..@yy.(.#.#
#.######...#yy.
#........#####...
########...#
..... ###.# ###.
... ###


You could see 2 killer bees.

Vanquished Creatures
  An ogre (D:4)
  2 phantoms
  2 scorpions (D:4)
  2 killer bees (D:5)
  2 orc wizards
  A bullfrog skeleton (D:4)
  3 gnolls (D:2)
  7 adders
  An adder skeleton (D:4)
  3 worms
  2 dart slugs (D:3)
  A leopard gecko (D:3)
  5 orcs
  2 giant cockroaches (D:3)
  3 goblins
  5 hobgoblins
  3 jackals (D:3)
  5 kobolds
  A quokka (D:2)
  9 bats
  2 frilled lizards (D:1)
  A quokka skeleton (D:4)
  4 rats
67 creatures vanquished.

Notes
Turn   | Place    | Note
-------+----------+-------------------------------------------
     0 | D:1      | qqqbard the Troll Monk began the quest for the Orb.
     0 | D:1      | Reached XP level 1. HP: 23/23 MP: 0/0
    77 | D:1      | Found a sparkling altar of Nemelex Xobeh.
    79 | D:1      | Found a shimmering altar of Xom.
    79 | D:1      | Found a sparkling altar of Nemelex Xobeh.
    81 | D:1      | Found a shimmering altar of Xom.
    81 | D:1      | Found a hazy altar of Hepliaklqana.
    81 | D:1      | Found a radiant altar of Vehumet.
   173 | D:1      | Reached skill level 1 in Unarmed Combat
   300 | D:1      | Reached XP level 2. HP: 31/31 MP: 1/1
   594 | D:2      | Reached skill level 2 in Unarmed Combat
   594 | D:2      | Reached XP level 3. HP: 37/37 MP: 2/2
   856 | D:3      | Reached XP level 4. HP: 41/46 MP: 3/3
  1085 | D:3      | Reached skill level 3 in Unarmed Combat
  1092 | D:3      | Reached XP level 5. HP: 21/54 MP: 4/4
  1504 | D:4      | Noticed an ogre
  1516 | D:4      | Killed an ogre
  1516 | D:4      | Reached skill level 4 in Unarmed Combat
  1527 | D:4      | Noticed a phantom
  1546 | D:4      | Killed a phantom
  1546 | D:4      | Reached XP level 6. HP: 22/62 MP: 5/5
  1694 | D:4      | Found a deep blue altar of Sif Muna.
  1779 | D:4      | Found a staircase to the Ecumenical Temple.
  1788 | Temple   | Entered the Ecumenical Temple
  2136 | D:4      | Reached skill level 5 in Unarmed Combat
  2189 | D:5      | Entered Level 5 of the Dungeon
  2189 | D:5      | Noticed a sky beast
  2208 | D:5      | Reached XP level 7. HP: 25/71 MP: 6/6
  2333 | D:5      | Found a runed gate.
  2337 | D:5      | Found a runed door.
  2346 | D:5      | Found a runed door.
  2504 | D:5      | HP: 2/71 [poisoned by a killer bee]
  2505 | D:5      | Slain by a killer bee

Vault maps used:
D:1:      saegor_arrival_miasma, minmay_door_square, doesnt_xom_only_xom
D:2:      minivault_14
D:3:      first_bread
D:4:      lemuel_doored_altar, temple_fountains
D:5:      lemuel_insect_pit, minmay_misc_feat_hallway,
          minmay_guarded_unrand_staff_of_olgreb
Temple:   dpeg_five_rooms_temple

Skill      XL: |  1  2  3  4  5  6 |
---------------+-------------------+-----
Unarmed Combat | 1 2 3 4 5 |  5.6
Fighting       | 4 |  4.5
Dodging        | 4 |  4.8
Stealth        | |  2.1

Action                   |  1- 3 |  4- 6 |  7- 9 || total
-------------------------+-------+-------+-------++-------
Melee: Unarmed           |    87 |   116 |    48 ||   251
       Punch             |       |     1 |       ||     1
  Use: Scroll            |       |     1 |       ||     1
       Potion            |       |       |     3 ||     3
 Stab: Sleeping          |     2 |     3 |       ||     5
  Eat: Chunk             |    13 |    11 |       ||    24
Armor: Robe              |    26 |    27 |    11 ||    64
Dodge: Dodged            |    72 |    73 |    33 ||   178
